Map: Cyber Forest LE

Players

challiwell - Winner!

  • Race: Protoss Protoss
  • League: Platinum
  • Spawn Location: 11:00

DeathJester

  • Race: Protoss Protoss
  • League: Platinum
  • Spawn Location: 5:00

VOD

Have the link to the VOD?

Description

Time

  • Played on: April 10, 2019, 10:03 a.m.
  • Length: 13:21
Show
View Real Time Build Order
Export as new Build Order

challiwell Protoss - Winner!

Build Orders: Oracle Opening 

Get SALT Encoding   

  12  0:03  Probe  
  13  0:15  Probe  
  13  0:19  Pylon  
  14  0:27  Probe  
  15  0:36  Probe  
  15  0:39  Gateway  
  16  0:44  Probe  
  17  0:53  Probe  
  18  1:02  Assimilator  
  18  1:03  Probe  
  18  1:09  Gateway  
  19  1:11  Probe  
  20  1:22  Assimilator  
  20  1:23  Probe  
  21  1:30  Cybernetics Core  
  21  1:35  Assimilator  
  21  1:37  Probe  
  22  1:48  Pylon  
  22  1:49  Probe  
  23  2:06  Probe  
  24  2:11  Stargate  
  24  2:16  Adept  
  24  2:17  Probe  
  24  2:19  Warp Gate  
  27  2:24  Adept  
  27  2:25  Probe  
  30  2:34  Probe  
  30  2:39  Pylon  
  31  3:01  Nexus  
  31  3:03  Probe  
  32  3:09  Oracle  
  35  3:20  Twilight Council  
  35  3:28  Pylon  
  35  3:30  Probe  
  34  3:58  Probe  
  35  4:04  Blink, Phoenix  
  37  4:10  Probe  
  38  4:22  Probe  
  39  4:32  Probe  
  39  4:33  Stalker x2  
  39  4:34  Probe  
  39  4:37  Gateway  
  45  4:38  Phoenix  
  47  4:46  Probe  
  48  4:54  Pylon  
  48  4:57  Gateway, Stalker  
  48  4:59  Gateway  
  50  5:01  Assimilator  
  50  5:06  Phoenix  
  52  5:15  Stalker  
  54  5:23  Zealot  
  56  5:37  Stalker  
  56  5:38  Stalker x2  
  62  5:42  Pylon  
  62  5:45  Shield Battery  
  62  5:47  Shield Battery  
  62  5:48  Probe x2  
  64  5:55  Stalker  
  66  6:00  Probe  
  66  6:01  Stalker  
  69  6:07  Phoenix  
  69  6:09  Probe  
  72  6:12  Probe  
  72  6:18  Forge  
  73  6:27  Phoenix  
  73  6:30  Stalker  
  73  6:31  Stalker  
  76  6:47  Probe x2  
  77  6:51  Assimilator  
  78  6:54  Pylon  
  78  6:55  Pylon  
  78  7:02  Pylon  
  78  7:12  Probe x2, Phoenix  
  82  7:21  Stalker x2  
  86  7:23  Protoss Ground Weapons Level 1  
  86  7:25  Gateway  
  86  7:26  Probe  
  87  7:31  Probe  
  88  7:37  Phoenix  
  90  7:49  Stalker x3  
  96  7:54  Probe x2  
  98  8:00  Robotics Facility  
  98  8:02  Phoenix  
  100  8:17  Nexus  
  100  8:20  Pylon  
  100  8:22  Pylon  
  100  8:26  Stalker  
  102  8:33  Phoenix  
  102  8:38  Probe x2, Pylon  
  102  8:39  Pylon  
  102  8:41  Pylon x2  
  104  8:58  Stalker  
  104  8:59  Stalker x3  
  104  9:00  Probe  
  113  9:06  Immortal  
  113  9:16  Assimilator  
  117  9:30  Protoss Air Weapons Level 1  
  117  9:32  Phoenix  
  117  9:36  Protoss Ground Weapons Level 2  
  119  9:41  Probe  
  119  9:45  Immortal, Assimilator  
  124  9:52  Probe  
  125  9:56  Phoenix  
  117  10:13  Phoenix  
  113  10:14  Stalker x2  
  113  10:15  Immortal  
  117  10:24  Stargate  
  123  10:30  Phoenix  
  123  10:34  Probe  
  123  10:35  Probe  
  127  10:44  Stalker  
  127  10:46  Sentry  
  131  10:53  Immortal  
  135  10:58  Phoenix  
  137  11:07  Probe x3  
  140  11:15  Pylon  
  140  11:18  Fleet Beacon  
  140  11:21  Probe x2, Pylon  
  140  11:23  Pylon  
  142  11:27  Stalker x2  
  142  11:32  Warp Prism  
  146  11:43  Stalker x3  
  140  12:08  Observer  
  137  12:18  Phoenix  
  137  12:24  Phoenix  
  145  12:30  Immortal  
  145  12:34  Stalker  
  145  12:35  Stalker x2  
  145  12:36  Zealot, Stalker  
  155  12:37  Zealot  
  155  12:39  Phoenix  
  159  12:49  Phoenix  
  161  12:58  Stalker  
Show
View Real Time Build Order
Export as new Build Order

DeathJester Protoss 

Build Orders:  

Get SALT Encoding   

  1  0:00  Probe  
  13  0:13  Probe  
  13  0:14  Pylon  
  14  0:24  Probe  
  15  0:35  Gateway  
  15  0:39  Probe  
  16  0:51  Probe, Assimilator  
  17  1:01  Probe  
  18  1:09  Probe  
  18  1:17  Probe  
  20  1:29  Cybernetics Core  
  20  1:33  Gateway  
  20  1:38  Pylon  
  20  1:45  Pylon  
  20  1:47  Zealot  
  20  1:49  Warp Gate  
  20  1:54  Pylon  
  22  1:58  Probe  
  23  2:10  Probe  
  23  2:11  Shield Battery  
  24  2:22  Forge  
  26  2:23  Sentry  
  26  2:28  Adept  
  28  2:31  Probe  
  29  2:47  Gateway  
  29  2:50  Pylon  
  29  2:56  Stalker  
  31  3:15  Probe, Assimilator  
  32  3:28  Probe  
  33  3:36  Protoss Ground Weapons Level 1  
  27  4:00  Stalker x2  
  31  4:13  Nexus  
  31  4:17  Pylon  
  31  4:21  Pylon  
  29  4:42  Stargate  
  29  4:45  Probe  
  30  4:57  Probe  
  30  4:59  Zealot  
  33  5:04  Stalker  
  35  5:22  Photon Cannon  
  36  5:28  Probe x2  
  37  5:37  Probe  
  37  5:38  Probe  
  39  5:45  Probe  
  39  5:49  Phoenix  
  42  5:55  Probe  
  42  6:00  Shield Battery  
  43  6:04  Probe  
  43  6:06  Photon Cannon  
  43  6:09  Probe  
  45  6:12  Probe  
  43  6:28  Probe  
  43  6:32  Probe  
  45  6:36  Probe  
  45  6:44  Probe  
  45  6:46  Probe  
  48  6:54  Photon Cannon  
  48  6:55  Zealot  
  48  6:56  Probe  
  48  6:58  Probe  
  48  6:59  Adept  
  54  7:01  Sentry  
  54  7:08  Probe, Phoenix  
  59  7:10  Probe  
  58  7:19  Stalker  
  58  7:20  Probe  
  58  7:22  Probe  
  62  7:24  Adept  
  62  7:25  Adept  
  62  7:28  Probe  
  66  7:30  Probe  
  66  7:36  Probe  
  68  7:37  Phoenix  
  68  7:38  Probe  
  70  7:46  Probe  
  71  7:51  Stalker  
  71  7:52  Stalker x2  
  71  7:57  Probe  
  77  8:00  Assimilator x2  
  78  8:18  Pylon  
  78  8:20  Pylon  
  78  8:21  Pylon x2  
  78  8:33  Pylon  
  78  8:36  Probe  
  79  8:42  Pylon  
  79  8:45  Stalker x3  
  85  8:49  Void Ray  
  89  9:10  Fleet Beacon  
  89  9:17  Nexus  
  89  9:23  Sentry x2  
  93  9:30  Stalker  
  95  9:38  Probe x2  
  97  9:46  Probe  
  97  9:47  Probe  
  97  9:51  Protoss Air Weapons Level 1  
  99  9:54  Probe  
  99  9:55  Probe, Assimilator  
  99  9:59  Assimilator  
  101  10:06  Probe  
  102  10:19  Nexus  
  102  10:38  Probe  
  102  10:39  Probe  
  104  10:43  Stalker x2  
  108  10:50  Probe  
  108  10:51  Probe  
  110  11:08  Pylon  
  110  11:12  Pylon  
  110  11:13  Colossus, Stalker  
  110  11:14  Stalker x2  
  116  11:26  Probe  
  116  11:27  Probe  
  118  11:34  Probe  
  118  11:35  Probe  
  120  11:43  Probe  
  122  11:51  Carrier  
  76  12:50  Stargate  
  76  12:52  Stargate  
  76  12:54  Stargate  
  82  13:02  Stalker x3  
Tags
 
Add a new tag
Caveats
  • Supply blocks, unpowered buildings, or Contaminate may cause inaccurate times.
  • Supply counts are checked every 10 seconds.